Map: Overgrown Facility

Players

kasm

  • Race: Zerg Zerg
  • League: Diamond
  • Spawn Location: 1:00

PeLLy

  • Race: Zerg Zerg
  • League: Diamond
  • Spawn Location: 3:00

Raindbow - Winner!

  • Race: Zerg Zerg
  • League: Diamond
  • Spawn Location: 7:00

Mylifeforads - Winner!

  • Race: Terran Terran
  • League: Diamond
  • Spawn Location: 9:00

VOD

Have the link to the VOD?

Description

Time

  • Played on: Aug. 16, 2019, 2:13 p.m.
  • Length: 15:31
Show
View Real Time Build Order
Export as new Build Order

kasm Zerg 

Build Orders: Pool First 

Get SALT Encoding   

  12  0:05  Drone  
  13  0:13  Overlord  
  13  0:20  Drone  
  14  0:31  Drone x2  
  16  0:43  Spawning Pool  
  16  0:48  Drone  
  16  1:11  Hatchery  
  16  1:15  Extractor  
  16  1:16  Drone  
  15  1:20  Drone  
  15  1:23  Drone  
  17  1:33  Drone  
  17  1:39  Roach Warren  
  17  1:45  Drone  
  18  1:54  Overlord  
  18  2:05  Queen  
  20  2:20  Roach  
  20  2:21  Roach  
  24  2:26  Roach x2  
  28  2:48  Queen  
  30  2:51  Roach  
  30  2:52  Roach x2  
  36  3:00  Extractor  
  36  3:03  Overlord  
  35  3:08  Extractor  
  34  3:54  Ravager x2  
  34  3:55  Ravager  
  37  3:58  Ravager  
  38  4:08  Drone  
  38  4:09  Drone x5  
  44  4:28  Overlord x3  
  30  4:59  Drone x2  
  31  5:00  Drone x6  
  34  5:10  Drone x2  
  34  5:11  Drone  
  37  5:16  Drone  
  38  5:27  Drone x4  
  42  5:34  Drone x2  
  42  5:35  Drone  
  45  5:42  Drone x3  
  48  5:45  Drone x2  
  50  5:52  Extractor  
  49  5:57  Lair  
  49  6:02  Spore Crawler  
  48  6:04  Spore Crawler  
  47  6:17  Hatchery, Metabolic Boost  
  46  6:21  Queen  
  48  6:38  Drone  
  48  6:39  Drone x5  
  54  6:46  Drone x4  
  58  6:54  Hatchery  
  58  6:55  Spire  
  56  7:07  Glial Reconstitution  
  56  7:21  Drone x5  
  56  7:22  Drone x7  
  68  7:35  Overlord x4  
  68  7:36  Overlord  
  68  7:42  Extractor  
  67  7:45  Extractor  
  66  8:06  Mutalisk x7  
  66  8:07  Mutalisk x3  
  66  8:10  Zerg Flyer Armor Level 1  
  86  8:34  Mutalisk x4  
  86  8:35  Mutalisk x5  
  104  8:49  Extractor  
  104  8:50  Extractor  
  102  9:12  Spire  
  101  9:54  Zergling x2  
  101  9:55  Zergling x20  
  112  10:03  Baneling Nest  
  84  10:53  Zergling x22  
  84  10:54  Zergling x18  
Show
View Real Time Build Order
Export as new Build Order

PeLLy Zerg 

Build Orders: Hatch First, Brood Lord Corruptor 

Get SALT Encoding   

  12  0:00  Drone  
  13  0:13  Overlord  
  13  0:19  Drone  
  14  0:31  Drone  
  14  0:32  Drone  
  16  0:36  Drone  
  17  0:53  Hatchery  
  16  0:57  Drone  
  17  1:11  Spawning Pool  
  17  1:14  Drone  
  17  1:19  Extractor, Drone  
  17  1:25  Drone  
  17  1:30  Drone  
  19  1:41  Drone  
  20  1:50  Overlord  
  20  2:04  Drone  
  20  2:05  Queen  
  20  2:07  Queen  
  25  2:09  Drone  
  26  2:18  Zergling x4  
  26  2:19  Metabolic Boost  
  28  2:28  Drone x2  
  30  2:34  Zergling x2  
  31  2:47  Drone  
  31  2:48  Drone  
  33  2:56  Drone x2  
  35  3:01  Drone  
  36  3:05  Overlord  
  36  3:15  Overlord x2  
  36  3:24  Drone x6  
  42  3:33  Zergling x2  
  40  3:40  Drone  
  42  3:48  Zergling x4  
  42  3:54  Zergling x12  
  49  4:02  Zergling x2  
  50  4:03  Zergling x2  
  50  4:08  Hatchery  
  50  4:10  Extractor  
  50  4:11  Extractor  
  48  4:19  Zergling x2  
  48  4:20  Zergling x2  
  50  4:32  Drone x2, Overlord x3  
  45  4:57  Zergling x12  
  45  5:14  Roach Warren  
  44  5:36  Drone  
  44  5:37  Drone x7  
  44  5:39  Drone x6  
  58  5:53  Lair  
  58  5:54  Evolution Chamber  
  57  5:57  Evolution Chamber  
  56  6:24  Queen  
  58  6:35  Roach x3  
  58  6:36  Roach x9  
  58  6:37  Overlord x3  
  58  6:38  Overlord x3  
  82  6:45  Zerg Missile Weapons Level 1  
  82  6:46  Zerg Melee Weapons Level 1  
  82  6:50  Extractor  
  81  7:11  Overlord x3  
  81  7:12  Roach  
  81  7:13  Roach x10  
  81  7:15  Ravager  
  104  7:23  Glial Reconstitution  
  104  7:40  Spore Crawler  
  103  7:45  Spire  
  102  8:02  Drone x17  
  119  8:06  Queen  
  119  8:08  Extractor, Hatchery  
  119  8:10  Extractor  
  118  8:16  Infestation Pit  
  117  8:40  Extractor  
  116  8:42  Extractor, Overlord x2  
  115  8:56  Drone, Zerg Missile Weapons Level 2  
  115  8:57  Drone, Zerg Melee Weapons Level 2  
  115  9:00  Hive  
  115  9:02  Drone x3  
  120  9:19  Drone x7  
  127  9:30  Corruptor x8  
  143  9:49  Ravager x4  
  143  9:50  Overlord x4  
  143  9:51  Overlord  
  140  10:17  Corruptor  
  140  10:18  Corruptor x6  
  149  10:42  Greater Spire  
  104  10:54  Roach x5  
  104  10:55  Roach x13  
  140  11:50  Overlord x3  
  140  11:57  Brood Lord x12  
  140  11:58  Brood Lord x2  
  140  12:00  Corruptor x2  
  140  12:01  Corruptor x5  
  174  12:05  Spine Crawler  
  183  12:11  Baneling Nest  
  95  12:47  Brood Lord x3  
  96  12:58  Corruptor x16  
  92  12:59  Corruptor x6  
  81  13:37  Brood Lord x2  
  67  14:06  Brood Lord x9  
Show
View Real Time Build Order
Export as new Build Order

Raindbow Zerg - Winner!

Build Orders: Hatch First 

Get SALT Encoding   

  12  0:01  Drone  
  13  0:09  Drone  
  14  0:17  Overlord  
  14  0:36  Drone  
  14  0:37  Drone x2  
  17  0:57  Drone, Hatchery  
  17  0:59  Extractor  
  17  1:02  Drone  
  17  1:16  Spawning Pool  
  16  1:22  Drone x2  
  18  1:34  Drone  
  19  1:46  Overlord  
  19  2:03  Queen, Metabolic Boost  
  19  2:05  Zergling x4  
  23  2:09  Queen  
  25  2:18  Drone x2  
  27  2:36  Drone x2  
  30  2:37  Drone x2  
  31  2:54  Drone  
  31  2:55  Drone x2  
  34  3:01  Hatchery  
  33  3:16  Zergling x6  
  33  3:19  Overlord x2  
  36  3:39  Drone  
  36  3:40  Drone x2  
  40  3:41  Drone x3  
  42  3:59  Zergling x2  
  42  4:00  Zergling x14  
  50  4:04  Roach Warren  
  50  4:08  Evolution Chamber  
  50  4:09  Drone  
  49  4:11  Evolution Chamber  
  48  4:17  Overlord x2  
  48  4:32  Drone x2  
  48  4:36  Overlord x2  
  46  5:00  Zergling x4  
  46  5:01  Roach, Zergling x2  
  46  5:02  Roach x8  
  66  5:09  Zerg Missile Weapons Level 1  
  66  5:15  Drone x2  
  68  5:39  Drone x11  
  68  5:40  Drone  
  80  5:43  Overlord x3  
  80  5:53  Extractor, Queen  
  81  6:08  Zerg Ground Armor Level 1  
  81  6:18  Drone x3, Extractor  
  83  6:19  Extractor, Drone x2  
  83  6:20  Drone  
  83  6:21  Drone x3  
  83  6:23  Drone x2  
  90  6:30  Extractor  
  89  6:33  Extractor  
  89  6:36  Baneling Nest  
  89  6:38  Drone  
  89  6:39  Drone  
  89  6:46  Drone x2  
  91  6:52  Drone x2  
  91  6:53  Drone x2  
  91  6:54  Drone x2  
  97  6:56  Drone x2  
  97  6:57  Drone x2  
  97  6:59  Zergling x2  
  102  7:03  Queen  
  104  7:10  Lair  
  104  7:20  Ravager  
  104  7:22  Overlord x3  
  105  7:47  Queen  
  105  7:48  Queen  
  109  8:01  Roach x5  
  109  8:02  Roach x5  
  109  8:04  Overlord x4  
  129  8:06  Hatchery  
  129  8:07  Zerg Ground Armor Level 2, Zerg Missile Weapons Level 2  
  128  8:24  Overlord x2  
  128  8:27  Overseer x2  
  128  8:29  Glial Reconstitution  
  128  8:30  Centrifical Hooks  
  128  8:33  Hydralisk Den  
  127  8:44  Zergling x10  
  132  9:05  Hydralisk x8, Muscular Augments  
  132  9:06  Hydralisk x4  
  156  9:25  Spore Crawler  
  156  9:26  Spore Crawler  
  156  9:28  Spore Crawler  
  156  9:30  Spore Crawler  
  152  9:31  Spore Crawler  
  152  9:32  Spore Crawler  
  150  9:48  Hydralisk  
  150  9:49  Hydralisk x12  
  176  10:11  Overlord  
  176  10:12  Overlord x4  
  175  10:16  Grooved Spines  
  171  10:25  Spore Crawler x2  
  169  10:29  Zergling x2  
  169  10:30  Zergling x24  
  182  10:51  Drone x2  
  182  10:52  Drone  
  185  10:57  Infestation Pit  
  178  11:34  Hydralisk  
  178  11:35  Hydralisk x9  
  198  12:03  Overlord  
  198  12:04  Overlord x4  
  175  12:44  Roach  
  175  12:45  Roach x11  
  175  12:46  Roach  
  194  12:57  Hive  
  178  13:09  Zergling x16  
  178  13:10  Zergling x14  
  185  13:28  Hydralisk x6  
  166  14:21  Hydralisk  
  166  14:22  Hydralisk x16  
  114  15:16  Spire  
  114  15:19  Spire  
Show
View Real Time Build Order
Export as new Build Order

Mylifeforads Terran - Winner!

Build Orders: Reaper Expand 

Get SALT Encoding   

  12  0:01  SCV  
  13  0:13  SCV  
  14  0:18  Supply Depot  
  14  0:25  SCV  
  15  0:40  Barracks, SCV  
  16  0:45  Refinery  
  16  0:52  SCV  
  17  1:04  SCV  
  18  1:16  SCV  
  19  1:28  Reaper  
  19  1:29  Orbital Command  
  20  1:44  Command Center  
  20  1:56  Barracks  
  20  1:58  SCV  
  21  2:08  Barracks Reactor  
  21  2:12  Supply Depot  
  21  2:14  Refinery  
  21  2:15  SCV  
  22  2:27  Factory  
  22  2:39  SCV  
  22  2:47  Barracks Tech Lab, Marine x2  
  24  2:51  SCV  
  25  2:59  Orbital Command  
  25  3:01  Bunker  
  25  3:06  SCV  
  25  3:07  Marine  
  25  3:08  Marine  
  25  3:11  Marine  
  29  3:21  Starport  
  29  3:36  SCV  
  29  3:37  SCV, Factory Tech Lab  
  29  3:38  Factory Reactor  
  29  3:39  Marine x2  
  33  3:42  Marauder  
  35  3:48  SCV  
  36  3:59  Marine x2  
  36  4:01  SCV x2  
  40  4:07  Supply Depot  
  40  4:09  Engineering Bay  
  40  4:14  Marauder  
  42  4:17  Marine  
  43  4:36  Marauder  
  40  4:45  Marine  
  40  4:46  Marine  
  32  4:57  Marine  
  33  5:02  Bunker  
  33  5:03  Marine x2  
  33  5:06  SCV x2  
  37  5:11  Engineering Bay  
  37  5:12  Supply Depot  
  37  5:15  Marauder  
  37  5:18  SCV  
  40  5:21  Marine x2  
  40  5:24  Stimpack  
  40  5:27  Barracks  
  42  5:31  Barracks  
  42  5:37  Medivac  
  44  5:43  SCV x2  
  46  5:52  Marauder, Marine x2  
  46  5:55  SCV x2, Medivac  
  54  6:07  SCV, Factory Tech Lab  
  54  6:11  Terran Infantry Armor Level 1, Terran Infantry Weapons Level 1  
  55  6:16  Barracks  
  55  6:18  Barracks  
  55  6:20  Barracks Tech Lab x2  
  55  6:21  Marine x2  
  55  6:23  Marauder  
  59  6:28  Supply Depot  
  59  6:29  SCV x2, Supply Depot  
  61  6:41  SCV  
  62  6:49  SCV, Marine x3  
  62  6:50  Marauder x2  
  62  6:52  Supply Depot  
  62  6:53  SCV  
  62  6:54  Command Center  
  71  6:57  Armory  
  71  7:08  Refinery, SCV x2  
  73  7:09  Refinery  
  73  7:20  SCV x2  
  73  7:22  Supply Depot  
  75  7:26  Barracks Reactor, Supply Depot, Barracks Tech Lab  
  75  7:32  SCV  
  76  7:39  SCV  
  76  7:42  Marauder x3, Marine x2  
  76  7:44  SCV, Combat Shield, Concussive Shells  
  88  8:05  Thor  
  92  8:20  Marauder x2  
  92  8:21  Marauder x2, Marine x4  
  92  8:23  Orbital Command  
  92  8:24  SCV x2  
  106  8:36  SCV x2  
  106  8:39  Marine  
  106  8:41  Supply Depot x2  
  109  8:43  Supply Depot  
  109  8:44  Marauder x2, Marine x2  
  115  8:48  SCV  
  116  9:02  Medivac x2  
  120  9:03  Marauder, Marine x2  
  120  9:04  Marauder, Marine x2  
  120  9:05  Marauder, SCV  
  131  9:11  Refinery  
  131  9:13  Refinery  
  131  9:17  Terran Infantry Weapons Level 2, Terran Infantry Armor Level 2  
  122  9:31  Reaper, Marine x2  
  122  9:32  Marine x5  
  122  9:49  Marine x2  
  122  9:50  Thor  
  129  10:00  Marine x4  
  132  10:20  Marine  
  132  10:21  Marine x5  
  125  10:22  Marine x2  
  128  10:38  Marine  
  128  10:39  Marine  
  128  10:40  Marine x4  
  106  10:49  Marine x2  
  92  10:53  Medivac x2  
  92  10:56  Marine  
  92  10:57  Marine x2  
  92  10:58  Marine x3  
  92  11:06  Marine  
  92  11:07  Marine  
  94  11:14  Marine  
  94  11:15  Marine x3  
  96  11:23  Marine x2  
  96  11:24  Marine  
  96  11:25  Marine  
  100  11:31  Marine  
  101  11:33  Marine x3  
  104  11:41  Marine  
  104  11:45  Marine  
  104  11:46  Marine x2  
  108  11:49  Marine  
  108  11:51  Marine x3  
  112  11:57  Orbital Command  
  112  11:59  Marine  
  112  12:00  Medivac x2  
  117  12:03  Marine  
  106  12:31  Marine  
  106  12:32  Marine x7  
  100  12:49  Marine  
  100  12:50  Marine x7  
  108  12:57  Thor  
  114  13:07  Marine x3  
  114  13:08  Marine x2  
  64  13:34  Marine x4  
  64  13:35  Marine x4  
  64  13:37  Viking  
  72  13:52  Marine x8  
  80  14:10  Marine x8  
  85  14:19  Thor  
  85  14:44  Marine  
  85  14:45  Marine x7  
  93  15:02  Marine x3  
Tags
 
Add a new tag
Caveats
  • Supply blocks, unpowered buildings, or Contaminate may cause inaccurate times.
  • Supply counts are checked every 10 seconds.